 Dungeon Crawl Stone Soup version 0.28.0-53-g5a82cb258f (webtiles) character file.

Game seed: 1975464891118998710

18 Tiocfaidh the Shooter (level 2, 0/16 HPs)
             Began as a Deep Elf Hunter on July 7, 2022.
             Slain by a jackal (2 damage)
             ... on level 2 of the Dungeon.
             The game lasted 00:06:12 (823 turns).

Tiocfaidh the Shooter (Deep Elf Hunter)              Turns: 823, Time: 00:06:13

Health: 0/16       AC:  3    Str:  9    XL:     2   Next: 48%
Magic:  4/4        EV: 12    Int: 15    God:
Gold:   24         SH:  0    Dex: 15    Spells: 1/1 levels left

rFire   + . .      SeeInvis .   b - +0 short sword
rCold   . . .      Faith    .   (no shield)
rNeg    . . .      Spirit   .   c - +0 leather armour
rPois   .          Reflect  .   (no helmet)
rElec   .          Harm     .   (no cloak)
rCorr   .          Rampage  .   (no gloves)
Will    .....                   (no boots)
Stlth   ++........              (no amulet)
HPRegen 0.05/turn               g - ring of protection from fire
MPRegen 0.09/turn               (no ring)

@: no status effects
A: no striking features
a: no special abilities


You were on level 2 of the Dungeon.
You visited 1 branch of the dungeon, and saw 2 of its levels.

You collected 24 gold pieces.

Inventory:

Hand Weapons
 a - a +1 shortbow
 b - a +0 short sword (weapon)
Missiles
 j - 31 bolts
Armour
 c - a +0 leather armour (worn)
Jewellery
 g - a ring of protection from fire (left hand)
Scrolls
 h - a scroll of enchant armour {unknown}
 i - a scroll of holy word {unknown}
 k - a scroll of fog {unknown}
Potions
 e - a potion of haste {unknown}
 f - a potion of heal wounds {unknown}


   Skills:
 + Level 1.6 Fighting
 + Level 6.0 Bows
 + Level 0.4 Armour
 + Level 2.5 Dodging
 + Level 1.4 Stealth


You had one spell level left.
You didn't know any spells.
Your spell library was empty.

Dungeon Overview and Level Annotations

Branches:
Dungeon (2/15)

Altars:


Message History

The jackal bites you. The jackal closely misses you.
Fire: 6 arrows
Press: ? - help, Q - select action Shift-Dir - straight line, f/p - jackal
Aim: a jackal (56% to hit)
You shoot an arrow.
The arrow hits the jackal but does no damage.
The jackal bites you but does no damage.
Fire: 5 arrows
Press: ? - help, Q - select action Shift-Dir - straight line, f/p - jackal
Aim: a jackal (56% to hit)
You shoot an arrow. The arrow hits the jackal.
The jackal is lightly wounded.
The jackal misses you.
The jackal bites you but does no damage.
Fire: 4 arrows
Press: ? - help, Q - select action Shift-Dir - straight line, f/p - jackal
Aim: a jackal (lightly wounded, 56% to hit)
You shoot an arrow. The arrow hits the jackal.
The jackal is heavily wounded.
The jackal closely misses you.
Fire: 3 arrows
Press: ? - help, Q - select action Shift-Dir - straight line, f/p - jackal
Aim: a jackal (heavily wounded, 56% to hit)
You shoot an arrow. The arrow barely misses the jackal.
The jackal bites you.
* * * LOW HITPOINT WARNING * * *
Fire: 2 arrows
Press: ? - help, Q - select action Shift-Dir - straight line, f/p - jackal
Aim: a jackal (heavily wounded, 56% to hit)
You shoot an arrow. The arrow closely misses the jackal.
The jackal closely misses you. The jackal bites you.
* * * LOW HITPOINT WARNING * * *
Fire: arrow
Press: ? - help, Q - select action Shift-Dir - straight line, f/p - jackal
Aim: a jackal (heavily wounded, 56% to hit)
You shoot an arrow. The arrow barely misses the jackal.
The jackal bites you but does no damage.
b - a +0 short sword (weapon)
The jackal bites you.
You die...

#.#
###..##..#
#.#
#........#
#.#
#.#..###.#
#.# #.#.....
#.###.##.####
#........#
#####.######
#......#
######@# #h#
#(# #.#
.........+
###...#.##
##h##.# #(
.(# # ###


You could see a jackal.

Vanquished Creatures
  2 ball pythons (D:1)
  A bat (D:1)
  3 endoplasms (D:1)
  A goblin (D:1)
  3 jackals (D:2)
  2 quokkas (D:1)
  2 frilled lizards
  A kobold (D:1)
15 creatures vanquished.

Notes
Turn   | Place    | Note
-------+----------+-------------------------------------------
     0 | D:1      | Tiocfaidh the Deep Elf Hunter began the quest for the Orb.
     0 | D:1      | Reached XP level 1. HP: 12/12 MP: 3/3
   433 | D:1      | Reached XP level 2. HP: 16/16 MP: 4/4
   462 | D:1      | Found a faded altar of an unknown god.
   814 | D:2      | Reached skill level 6 in Bows
   823 | D:2      | Slain by a jackal

Illustrated notes

Levels and vault maps discovered:
D:1:      eino_arrival_druids_welcome, layout_basic,
          dreamdust_ecumenical_altar_sealed_demon
D:2:      layout_loops_corners, uniq_natasha

Skill      XL: |  1  2 |
---------------+-------+-----
Bows           | 6 |  6.0
Fighting       | |  1.6
Armour         | |  0.4
Dodging        | |  2.5
Stealth        | |  1.4

Action                   || total
-------------------------++-------
 Fire: Shortbow          ||    38
Armor: Leather armour    ||     4
Dodge: Dodged            ||     9
